 Dungeon Crawl Stone Soup version 0.24.0-125-gc4c63601f3 (webtiles) character file.

Game seed: 16255630860442005311, levelgen mode: deterministic

58 Divind the Skirmisher (level 4, -2/41 HPs)
             Began as a Hill Orc Fighter on Feb 29, 2020.
             Slain by Crazy Yiuf
             ... wielding a +4 quarterstaff of chaos
              (4 damage)
             ... on level 2 of the Dungeon.
             The game lasted 00:02:54 (1265 turns).

Divind the Skirmisher (Hill Orc Fighter)            Turns: 1265, Time: 00:02:54

Health: -2/41      AC:  5    Str: 19    XL:     4   Next: 2%
Magic:  4/4        EV:  4    Int:  8    God:
Gold:   46         SH:  0    Dex: 10    Spells: 3/3 levels left

rFire    . . .     SeeInvis .   a - +0 trident
rCold    . . .     Gourm    .   c - +0 shield
rNeg     . . .     Faith    .   i - +0 ring mail
rPois    .         Spirit   .   (no helmet)
rElec    .         Reflect  .   (no cloak)
rCorr    .         Harm     .   (no gloves)
MR       .....                  (no boots)
Stlth    ++........             (no amulet)
HPRegen  0.13/turn              n - ring of stealth
MPRegen  0.09/turn              (no ring)

@: petrifying, slowed, very slow
A: no striking features
a: no special abilities


You were on level 2 of the Dungeon.
You were not hungry.

You visited 1 branch of the dungeon, and saw 2 of its levels.

You collected 46 gold pieces.

Inventory:

Hand Weapons
 a - a +0 trident (weapon)
Armour
 b - a +0 scale mail
 c - a +0 shield (worn)
 i - a +0 ring mail (worn)
Jewellery
 n - a ring of stealth (left hand)
Scrolls
 e - 2 scrolls of identify {unknown}
 h - a scroll of teleportation {unknown}
 k - a scroll of enchant armour {unknown}
 l - a scroll of blinking {unknown}
 o - a scroll of enchant weapon {unknown}
 p - a scroll of immolation {unknown}
Potions
 d - a potion of might
 g - a potion of agility {unknown}
 j - a potion of berserk rage {unknown}
 m - a potion of lignification {unknown}
Comestibles
 f - 2 rations


   Skills:
 + Level 4.5 Fighting
 + Level 2.9 Polearms
 + Level 3.6 Armour
 + Level 0.2 Stealth
 + Level 3.7 Shields


You had 3 spell levels left.
You didn't know any spells.
Your spell library was empty.

Dungeon Overview and Level Annotations

Branches:
Dungeon (2/15)

Altars:
Dithmenos
Elyvilon
Nemelex Xobeh
Yredelemnul

Annotations:
D:2 1 runed translucent door, Crazy Yiuf


Message History

Crazy Yiuf hits you with a +4 quarterstaff of chaos!
* * * LOW HITPOINT WARNING * * *
Crazy Yiuf freezes you.
* * * LOW HITPOINT WARNING * * *
You hit Crazy Yiuf but do no damage.
Crazy Yiuf is heavily wounded.
Crazy Yiuf hits you with a +4 quarterstaff of chaos.
* * * LOW HITPOINT WARNING * * *
Crazy Yiuf burns you.
* * * LOW HITPOINT WARNING * * *
You hit Crazy Yiuf but do no damage.
Crazy Yiuf is heavily wounded.
Crazy Yiuf hits you but does no damage.
You feel yourself slow down.
Crazy Yiuf hits you with a +4 quarterstaff of chaos.
* * * LOW HITPOINT WARNING * * *
You are slowing down.
You closely miss Crazy Yiuf.
Crazy Yiuf is heavily wounded.
Crazy Yiuf hits you with a +4 quarterstaff of chaos!
You die...

#.......###.......##.###.
#.......#...####..##.##..
#.........### #.###.....
########### #######...
#......## #........ ###
####.......# #)..###
##.#.......##
#...g@####............
#...##..#.............
### ###.#..#........#
#######.......# #.#####<.
################........
#.....>.....†.#..##.....
#.....#######..<†......#
#....## #..###.....#


You could see Crazy Yiuf.

Vanquished Creatures
  2 adders (D:2)
  A worm (D:2)
  2 leopard geckos
  A giant cockroach (D:2)
  2 goblins (D:2)
  7 hobgoblins
  5 bats
  3 frilled lizards
  A goblin zombie (D:2)
  A jackal skeleton (D:2)
  4 kobolds
  A kobold skeleton (D:2)
  10 rats
40 creatures vanquished.

Notes
Turn   | Place    | Note
-------+----------+-------------------------------------------
     0 | D:1      | Divind the Hill Orc Fighter began the quest for the Orb.
     0 | D:1      | Reached XP level 1. HP: 19/19 MP: 1/1
   124 | D:1      | Reached XP level 2. HP: 27/27 MP: 2/2
   416 | D:1      | Reached skill level 4 in Fighting
   761 | D:2      | Found a runed translucent door.
   762 | D:2      | Noticed a human
   774 | D:2      | Reached XP level 3. HP: 27/33 MP: 3/3
   777 | D:2      | Found a basalt altar of Yredelemnul.
   934 | D:2      | Found a white marble altar of Elyvilon.
  1013 | D:2      | Found a sparkling altar of Nemelex Xobeh.
  1034 | D:2      | Found a shadowy altar of Dithmenos.
  1092 | D:2      | Reached XP level 4. HP: 34/41 MP: 4/4
  1125 | D:2      | Found a basalt altar of Yredelemnul.
  1169 | D:2      | Found a runed translucent door.
  1170 | D:2      | Noticed Crazy Yiuf
  1263 | D:2      | HP: 2/41 [Crazy Yiuf/+4 quarterstaff of chaos (1)]
  1265 | D:2      | Slain by Crazy Yiuf

Levels and vault maps discovered:
D:1:      elethiomel_arrival_maze, layout_loops_ring
D:2:      layout_rooms, kennysheep_ying_yang, nemelex_xobeh_ov_fountains_minmay,
          nicolae_dithmenos_through_a_glass_darkly, dk_yredelemnul_ordeal,
          uniq_crazy_yiuf_cottage

Skill      XL: |  1  2 |
---------------+-------+-----
Fighting       | 4 |  4.5
Polearms       | |  2.9
Armour         | |  3.6
Stealth        | |  0.2
Shields        | |  3.7

Action                   |  1- 3 |  4- 6 || total
-------------------------+-------+-------++-------
Melee: Trident           |   109 |    14 ||   123
  Eat: Chunk             |     1 |       ||     1
Armor: Scale mail        |     9 |       ||     9
       Ring mail         |    34 |     2 ||    36
Dodge: Dodged            |    39 |     6 ||    45
Block: Shield            |    59 |     3 ||    62
